 Dungeon Crawl Stone Soup version 0.24.0-13-gcf9b3192b9 (webtiles) character file.

Game seed: 6335644044260519724, levelgen mode: deterministic

33294 Esekla the Thaumaturge (level 13, -4/66 HPs)
             Began as a Vine Stalker Abyssal Knight on Nov 9, 2019.
             Was the Champion of Lugonu.
             Slain by Agnes
             ... wielding a +3 lajatang of distortion
              (7 damage)
             ... on level 14 of the Dungeon on Nov 10, 2019.
             The game lasted 03:09:25 (16825 turns).

Esekla the Thaumaturge (VSAK)                      Turns: 16825, Time: 03:09:25

Health: -4/66      AC: 12    Str: 16    XL:     13   Next: 70%
Magic:  0/24       EV: 13    Int: 14    God:    Lugonu [******]
Gold:   187        SH:  0    Dex: 16    Spells: 10/29 levels left

rFire    + . .     SeeInvis .   e - +2 short sword (elec)
rCold    + . .     Gourm    .   (no shield)
rNeg     . . .     Faith    .   W - +3 ring mail {rPois}
rPois    +         Spirit   +   (helmet restricted)
rElec    .         Reflect  .   (no cloak)
rCorr    .         Harm     .   z - +0 pair of gloves
MR       ++...                  (no boots)
Stlth    ++........             X - amulet of magic regeneration
HPRegen  1.01/turn              d - ring of protection from cold
MPRegen  0.44/turn              b - +2 ring of protection

@: no status effects
A: fangs 3, horns 1, fire resistance 1, low mp 1, magic resistance 1,
regeneration 2, magic shield, antimagic bite, no potion heal 3, rot immunity
a: Depart the Abyss, Bend Space, Banish, Corrupt, Enter the Abyss, Brand Weapon
With Distortion, Renounce Religion


You were on level 14 of the Dungeon.
You worshipped Lugonu.
Lugonu was exalted by your worship.
You were very hungry.

You visited 2 branches of the dungeon, and saw 15 of its levels.
You visited the Abyss 1 time.
You visited 1 bazaar.
You also visited: Sewer and Ossuary.

You collected 687 gold pieces.
You spent 500 gold pieces at shops.

Inventory:

Hand Weapons
 e - a +2 short sword of electrocution (weapon)
 h - a +1 dagger of holy wrath
 l - a +1 falchion of draining
 v - a +0 short sword of venom
 L - a +1 vampiric halberd
Missiles
 a - 14 javelins
 q - 71 poisoned darts (quivered)
Armour
 u - a +2 robe of magic resistance
 z - a +0 pair of gloves (worn)
 I - a +1 robe of cold resistance
 V - the +4 ring mail "Jywkoca" {rPois rF- rN++ Int+4}
   (You bought it in a shop in a bazaar)

   It affects your intelligence (+4).
   It makes you vulnerable to fire.
   It protects you from poison.
   It greatly protects you from negative energy.
 W - a +3 ring mail of poison resistance (worn)
Jewellery
 b - a +2 ring of protection (right hand)
 d - a ring of protection from cold (left hand)
 O - an uncursed ring of see invisible
 P - an uncursed amulet of the acrobat
 R - an uncursed ring of protection from fire
 U - the necklace of Bloodlust {*Rage +Rage MR++ Int-3 Slay+6 *Curse}
   (You found it on level 10 of the Dungeon)

   [amulet of rage]

   It affects your intelligence (-3).
   It affects your accuracy and damage with ranged weapons and melee attacks
   (+6).
   It affects your resistance to hostile enchantments.
   It lets you go berserk.
   It may make you go berserk in combat.
   It curses itself when equipped.
 X - an amulet of magic regeneration (around neck)
 Z - an uncursed ring of ice
Wands
 k - a wand of polymorph (7)
 s - a wand of acid (6)
 y - a wand of paralysis (10)
 C - a wand of digging (12)
 E - a wand of iceblast (11)
 T - a wand of disintegration (18)
 Y - a wand of clouds (3)
Scrolls
 f - 8 scrolls of remove curse
 i - a scroll of identify
 m - 2 scrolls of blinking
 p - a scroll of teleportation
 t - 3 scrolls of fog
 w - 3 scrolls of enchant weapon
 x - 8 scrolls of fear
 M - 3 scrolls of enchant armour
 N - 2 scrolls of amnesia
 Q - a scroll of magic mapping
Potions
 g - 4 potions of magic
 j - a potion of invisibility
 n - 3 potions of cancellation
 o - 2 potions of haste
 r - 2 potions of berserk rage
 A - a potion of ambrosia
 B - 7 potions of curing
 D - 4 potions of lignification
 F - a potion of flight
 G - 2 potions of agility
 H - a potion of mutation
 K - a potion of might
Miscellaneous
 S - a sack of spiders
Comestibles
 c - 26 rations


   Skills:
 + Level 6.7 Fighting
 + Level 8.3(8.9) Short Blades
 + Level 5.0(7.3) Long Blades
 + Level 1.4 Polearms
 + Level 6.9 Armour
 + Level 4.3 Dodging
 - Level 2.9 Stealth
 * Level 8.7 Spellcasting
 + Level 5.6 Conjurations
 * Level 5.0 Charms
 * Level 4.4 Necromancy
   Level 2.4 Translocations
 + Level 7.8 Fire Magic
 + Level 4.9 Air Magic
 + Level 5.0 Poison Magic
 + Level 3.4 Invocations


You had 10 spell levels left.
You knew the following spells:

 Your Spells              Type           Power        Failure   Level  Hunger
a - Magic Dart            Conj           ###.         1%          1    None
b - Fireball              Conj/Fire      ###.......   34%         5    #####..
c - Mephitic Cloud        Conj/Pois/Air  ###.....     8%          3    ##.....
f - Conjure Flame         Conj/Fire      ###.....     3%          3    ##.....
g - Regeneration          Chrm/Necr      ###.......   9%          3    ##.....
y - Sticky Flame          Conj/Fire      ###.....     13%         4    ####...

Your spell library contained the following spells:

 Spells                   Type           Power        Failure   Level  Hunger
 Flame Tongue             Conj/Fire      ###..        1%          1    None
 Throw Flame              Conj/Fire      ###...       1%          2    None
 Animate Skeleton         Necr           N/A          3%          1    None
 Pain                     Necr           ###.         3%          1    None
 Vampiric Draining        Necr           ###.......   10%         3    ##.....
 Ignite Poison            Fire/Tmut/Pois ###.....     11%         3    ##.....
 Blink                    Tloc           N/A          12%         2    None
 Inner Flame              Hex/Fire       ###.....     12%         3    ##.....
 Call Imp                 Summ           #.......     30%         2    None
 Slow                     Hex            #.......     30%         2    None
 Animate Dead             Necr           N/A          32%         4    ####...
 Bolt of Fire             Conj/Fire      ###.......   89%         6    #######
 Ring of Flames           Chrm/Fire      ###.......   100%        7    #######
 Ignition                 Fire           ####......   100%        8    #######


Dungeon Overview and Level Annotations

Branches:
Dungeon (14/15)            Temple (0/1) D:6            Lair (1/6) D:11
    Orc (0/2) D:11         Vaults (0/5) D:14          Sewer (visited)
Ossuary (visited)

Altars:
Elyvilon
Nemelex Xobeh

Shops:
D:4 *   D:10 :

Annotations:
D:6 1 runed translucent door, Aviak's ghost, novice OpEn
D:14 Agnes


Innate Abilities, Weirdness & Mutations

You have razor-sharp teeth.
You heal very quickly.
When hurt, damage is shared between your health and your magic reserves.
Your bite disrupts and absorbs the magic of your enemies.
Potions cannot restore your health.
You are immune to rotting.
You have a pair of small horns on your head.
Your flesh is heat resistant. (rF+)
Your magical capacity is low. (-10% MP)
You are resistant to hostile enchantments. (MR+)


Message History

The spell is very dangerous to cast (34% risk of failure)!
Continue anyway?
Okay, then.
Casting: Fireball (very dangerous; 34% risk of failure)
Confirm with . or Enter, or press ? or * to list all spells.
Aiming: Sticky Flame (safe; 13% risk of failure)
Press: ? - help, Shift-Dir - straight line, f/p - Agnes
Aim: Agnes, wielding a +3 lajatang of distortion and wearing a +0 robe (lightly wounded)
The sticky flame hits Agnes!
Agnes is moderately wounded.
Agnes is covered in liquid flames!
You are feeling very hungry.
Agnes burns!
Agnes hits you with a +3 lajatang of distortion! x2
* * * LOW HITPOINT WARNING * * *
Space warps horribly around you!!
* * * LOW HITPOINT WARNING * * *
As you read the scroll of fear, it crumbles to dust.
You assume a fearsome visage.
Agnes resists with almost no effort.
Agnes burns!
Agnes hits you with a +3 lajatang of distortion!
You die...

.................
.................
................ .
............... ..
####........#########...
........................
....)............°......
................i°......
................@.°.....
##########################
.........#....#..........#
.........#....#..........#
.........#....+..........#
.........#....#..........#
##......##...##..........#
........#.......!........#
........#.(....).........#


You could see Agnes (burning).

Vanquished Creatures
  Snorg (D:9)
  Fannar (D:10)
  2 hydras
  4 vault guards
  Erolcha (D:9)
  7 two-headed ogres
  2 centaur warriors
  2 unseen horrors
  3 cyclopes
  A black mamba (D:12)
  Psyche (D:11)
  A gargoyle (D:10)
  2 kobold demonologists (D:12)
  A merfolk (shapeshifter) (D:13)
  2 trolls
  A merfolk (D:11)
  A hippogriff (D:13)
  A yak (shapeshifter) (D:11)
  4 wyverns
  A wraith (D:11)
  3 water elementals
  A vampire (D:12)
  18 yaks
  Grum (D:9)
  2 basilisks (D:12)
  4 hungry ghosts
  5 vampire mosquitoes
  2 acid dragons
  A soldier ant (D:11)
  A porcupine (Lair:1)
  4 water moccasins
  A black bear (D:12)
  4 ice beasts
  4 sky beasts
  2 eyes of draining
  4 orc warriors
  2 hornet zombies
  2 necrophages
  11 ogres
  4 phantoms
  4 centaurs
  7 wolves
  3 crocodiles
  5 big kobolds
  3 bullfrogs
  3 water moccasin zombies
  5 scorpions
  12 killer bees
  A troll zombie (D:11)
  11 electric eels
  2 howler monkeys
  5 crimson imps
  3 centaur zombies
  12 hounds
  A gnoll shaman (D:7)
  4 jellies
  A quasit (D:5)
  A bullfrog skeleton (D:5)
  5 orc priests
  6 centaur skeletons
  13 orc wizards
  3 iguanas
  13 worker ants
  3 big kobold zombies (Ossuary)
  5 ogre zombies (D:11)
  2 hound skeletons
  2 mummies (Ossuary)
  A worker ant zombie (D:7)
  14 gnolls
  A river rat (D:6)
  18 adders
  4 shadow imps
  5 adder zombies
  6 oozes
  5 worms
  6 dart slugs
  5 leopard geckos
  34 orcs
  5 ball pythons
  8 bats
  5 giant cockroaches
  10 goblins
  4 hobgoblins
  8 jackals
  A quokka (D:3)
  7 frilled lizards
  A gnoll zombie (Ossuary)
  2 goblin zombies (D:11)
  A hobgoblin skeleton (D:11)
  5 hobgoblin zombies
  A jackal skeleton (D:6)
  25 kobolds
  3 kobold zombies (Ossuary)
  A leopard gecko skeleton (D:4)
  2 orc skeletons (D:11)
  18 orc zombies
  2 quokka skeletons
  A quokka zombie (D:5)
  13 rats
472 creatures vanquished.

Vanquished Creatures (others)
  An electric eel (D:12)
  A plant (D:12)
2 creatures vanquished.

Grand Total: 474 creatures vanquished

Notes
Turn   | Place    | Note
-------+----------+-------------------------------------------
     0 | Abyss:1  | Esekla the Vine Stalker Abyssal Knight began the quest for
                  | the Orb.
     0 | Abyss:1  | Reached XP level 1. HP: 11/11 MP: 3/3
    68 | Abyss:1  | Noticed a shadow
   110 | Abyss:1  | Noticed a large abomination
   147 | Abyss:2  | Got a bronze chain mail
   156 | Abyss:2  | Noticed a spatial maelstrom
   160 | Abyss:2  | Noticed a spatial vortex
   160 | D:1      | Escaped the Abyss
   195 | D:1      | Identified the cursed +1 chain mail "Damnable Contraption"
                  | {-Cast +Fly rPois} (You found it on level 2 of the Abyss)
   299 | D:1      | Reached * piety under Lugonu
   348 | D:1      | Reached XP level 2. HP: 16/16 MP: 4/4
   804 | D:1      | Reached XP level 3. HP: 20/20 MP: 5/5
  1109 | D:3      | Reached ** piety under Lugonu
  1139 | D:4      | Gained mutation: Your natural rate of healing is unusually
                  | fast. [Vine Stalker growth]
  1139 | D:4      | Reached XP level 4. HP: 16/24 MP: 6/6
  1213 | D:4      | Reached XP level 5. HP: 28/28 MP: 7/7
  1313 | D:3      | Reached skill level 1 in Dodging
  1495 | D:3      | Reached XP level 6. HP: 31/32 MP: 8/8
  1906 | D:1      | Learned a level 1 spell: Magic Dart
  1909 | D:1      | Learned a level 2 spell: Blink
  2473 | D:3      | Found a faded altar of an unknown god.
  2565 | D:3      | Reached *** piety under Lugonu
  2975 | D:4      | Reached skill level 1 in Conjurations
  2975 | D:4      | Reached skill level 1 in Translocations
  2975 | D:4      | Reached XP level 7. HP: 31/37 MP: 7/9
  3003 | D:4      | Reached skill level 1 in Spellcasting
  3024 | D:4      | Reached skill level 5 in Long Blades
  3132 | D:5      | Entered Level 5 of the Dungeon
  3312 | D:5      | Reached skill level 1 in Short Blades
  3312 | D:5      | Reached skill level 1 in Stealth
  3312 | D:5      | Gained mutation: You have razor-sharp teeth. [Vine Stalker
                  | growth]
  3312 | D:5      | Reached XP level 8. HP: 35/42 MP: 8/11
  3366 | D:4      | Learned a level 3 spell: Mephitic Cloud
  3370 | D:4      | Learned a level 3 spell: Conjure Flame
  3473 | D:4      | Found Pailak's Assorted Antiques.
  3932 | D:5      | Reached skill level 1 in Air Magic
  4016 | D:5      | Reached **** piety under Lugonu
  4172 | D:6      | Found a sand-covered staircase.
  4182 | Ossuary  | Entered an ossuary
  4317 | Ossuary  | Reached skill level 1 in Fire Magic
  4366 | D:6      | Learned a level 4 spell: Sticky Flame
  4372 | D:6      | Reached skill level 1 in Poison Magic
  4413 | D:6      | Found a glowing drain.
  4417 | Sewer    | Entered a sewer
  5155 | D:6      | Reached XP level 9. HP: 18/46 MP: 5/14
  5368 | D:6      | Found a staircase to the Ecumenical Temple.
  5844 | D:5      | Reached ***** piety under Lugonu
  5907 | D:6      | Found a runed translucent door.
  5917 | D:6      | Noticed Aviak's ghost (novice OpEn)
  5964 | D:6      | Found a sparkling altar of Nemelex Xobeh.
  7381 | D:8      | Noticed a two-headed ogre
  7406 | D:7      | Killed a two-headed ogre
  7406 | D:7      | Reached XP level 10. HP: 16/51 MP: 7/16
  7666 | D:8      | Reached skill level 5 in Fighting
  8424 | D:9      | Noticed Erolcha
  8744 | D:9      | Reached skill level 5 in Armour
  9124 | D:9      | Noticed Grum
  9143 | D:9      | Killed Grum
  9228 | D:9      | Killed Erolcha
  9228 | D:9      | Reached skill level 5 in Short Blades
  9340 | D:8      | Reached skill level 5 in Spellcasting
  9504 | D:9      | Reached XP level 11. HP: 27/56 MP: 17/19
  9695 | D:10     | Entered Level 10 of the Dungeon
  9816 | D:10     | Noticed a two-headed ogre
  9892 | D:9      | Reached skill level 5 in Fire Magic
 10059 | D:10     | Found the cursed necklace of Bloodlust {*Rage +Rage MR++
                  | Int-3 Slay+6 *Curse}
 10168 | D:10     | Noticed Fannar
 10286 | D:10     | Killed a two-headed ogre
 10442 | D:10     | Noticed Snorg
 10469 | D:10     | Found Dugiucw's Book Shoppe.
 10644 | D:9      | Killed Snorg
 10843 | D:11     | Noticed Psyche
 10854 | D:11     | Killed Psyche
 10862 | D:11     | Reached skill level 1 in Polearms
 11074 | D:11     | Reached ****** piety under Lugonu
 11118 | D:11     | Found a staircase to the Orcish Mines.
 11488 | D:11     | Found a staircase to the Lair.
 11570 | D:11     | Gained mutation: You heal very quickly. [Vine Stalker
                  | growth]
 11570 | D:11     | Reached XP level 12. HP: 44/60 MP: 17/23
 11695 | D:11     | Gained mutation: Your flesh is heat resistant. (rF+)
                  | [potion of mutation]
 11695 | D:11     | Gained mutation: You have a pair of small horns on your
                  | head. [potion of mutation]
 11695 | D:11     | Gained mutation: Your magical capacity is low. (-10% MP)
                  | [potion of mutation]
 11695 | D:11     | Gained mutation: You are resistant to hostile enchantments.
                  | (MR+) [potion of mutation]
 11838 | D:12     | Found a flickering gateway to a bazaar.
 11844 | Bazaar   | Entered a bazaar
 11848 | Bazaar   | Found Zantuf's Food Emporium.
 11862 | Bazaar   | Found Okar's Antique Armour Boutique.
 11867 | Bazaar   | Found Julo Dos's Food Boutique.
 11876 | Bazaar   | Found Ketalucs's Armour Shop.
 11896 | Bazaar   | Bought a bronze ring mail for 180 gold pieces
 11896 | Bazaar   | Bought a steaming ring mail for 180 gold pieces
 11907 | Bazaar   | Identified the +5 ring mail of Boxyir {+Fly rElec Int-4
                  | Dex+2} (You bought it in a shop in a bazaar)
 11917 | Bazaar   | Identified the +4 ring mail "Jywkoca" {rPois rF- rN++
                  | Int+4} (You bought it in a shop in a bazaar)
 11946 | Bazaar   | Bought a shiny ring mail for 140 gold pieces
 12021 | Lair:1   | Entered Level 1 of the Lair of Beasts
 13238 | D:10     | Learned a level 3 spell: Regeneration
 13397 | D:10     | Killed Fannar
 13717 | D:11     | Reached skill level 1 in Necromancy
 13737 | Lair:1   | Reached skill level 1 in Charms
 14317 | D:13     | Noticed a two-headed ogre
 14317 | D:13     | Noticed a two-headed ogre
 14327 | D:12     | Killed a two-headed ogre
 14804 | D:13     | Noticed a centaur warrior
 14828 | D:13     | Killed a centaur warrior
 14836 | D:13     | Reached skill level 5 in Conjurations
 14891 | D:13     | Noticed a five-headed hydra
 14916 | D:13     | Killed a five-headed hydra
 14961 | D:13     | Got a slimy glass ring
 14988 | D:13     | Reached XP level 13. HP: 59/65 MP: 20/23
 15421 | D:14     | Noticed Agnes
 15433 | D:14     | Found a gate to the Vaults.
 15433 | D:14     | Noticed a vault guard
 15433 | D:14     | Noticed a vault guard
 15433 | D:14     | Noticed a vault guard
 15433 | D:14     | Noticed a vault guard
 15947 | D:14     | Killed a vault guard
 15983 | D:14     | Killed a vault guard
 16187 | D:13     | Killed a vault guard
 16251 | D:13     | Identified the cursed ring "Doiv" {*Contam +Inv rPois Str-3
                  | Int+4} (You found it on level 13 of the Dungeon)
 16407 | D:14     | Learned a level 5 spell: Fireball
 16453 | D:14     | Found a white marble altar of Elyvilon.
 16560 | D:14     | Killed a vault guard
 16679 | D:14     | Reached skill level 5 in Charms
 16713 | D:14     | Reached skill level 5 in Poison Magic
 16824 | D:14     | HP: 2/66 [Agnes/+3 lajatang of distortion (14)]
 16825 | D:14     | Slain by Agnes

Levels and vault maps discovered:
D:1:      kennysheep_arrival_forest, layout_basic, corexii_corridor_pit,
          minmay_tromino_mix6
D:2:      layout_basic, kennysheep_cluttered_room
D:3:      layout_rooms, chequers_ecumenical_altar_simple
D:4:      layout_loops_corners, serial_shops, shop
D:5:      layout_loops_ring, first_ration
D:6:      layout_cave_pools, nemelex_xobeh_ov_fountains_minmay,
          minmay_temple_entry_glassed_door, ebering_ghost_sewer_d,
          nicolae_ossuary_entry_monument, gup_sewer_entry_bowl, serial_bayou,
          serial_bayou_ford_a, serial_bayou_pond_a, serial_bayou_shore_a,
          serial_bayou_lagoon_a
D:7:      layout_gridville
D:8:      layout_cave_pods
D:9:      layout_layer_cave, uniq_erolcha, uniq_grum
D:10:     layout_loops_ring, serial_shops, nicolae_shop_crystal, uniq_snorg,
          uniq_fannar
D:11:     layout_cave_pools, erik_lair_island, zombieorc1_lemuel, serial_glass,
          glass_columns_b, glass_columns_a, hangedman_fish_farm,
          minmay_misc_feat_four_crosses, uniq_psyche
D:12:     layout_stronghold, serial_shops, bzr_entry_safe, chequers_arboretum,
          serial_bayou_lake_a
D:13:     layout_cave_pods
D:14:     layout_grid_maze, lightli_vaults_fourway_checkpoint, elyvilon_altar_5,
          uniq_agnes
Lair:1:   layout_hall_layers, columned_hall_lemuel, minivault_25,
          lemuel_fruit_tree

Skill      XL: |  1  2  3  4  5  6  7  8  9 10 11 12 13 |
---------------+----------------------------------------+-----
Long Blades    | 2 3 4 5 |  5.0
Invocations    | 2 3 |  3.4
Fighting       | 3 4 5 6 |  6.7
Armour         | 2 3 4 5 6 |  6.9
Dodging        | 1 2 3 4 |  4.3
Conjurations   | 1 2 3 4 5 |  5.6
Translocations | 1 2 |  2.4
Spellcasting   | 1 2 3 5 6 7 8 |  8.7
Short Blades   | 1 3 4 5 6 7 8 |  8.3
Stealth        | 1 2 |  2.9
Air Magic      | 1 4 |  4.9
Fire Magic     | 1 3 4 6 7 |  7.8
Poison Magic   | 1 3 4 5 |  5.0
Polearms       | 1 |  1.4
Necromancy     | 2 4 |  4.4
Charms         | 3 5 |  5.0

Action                   |  1- 3 |  4- 6 |  7- 9 | 10-12 | 13-15 || total
-------------------------+-------+-------+-------+-------+-------++-------
Melee: Falchion          |   102 |   121 |       |     6 |       ||   229
       Bite              |    34 |    59 |   102 |   286 |    62 ||   543
       Short sword       |       |    70 |   367 |   578 |   146 ||  1161
       Dagger            |       |       |    12 |   188 |    25 ||   225
       Halberd           |       |       |       |    10 |     6 ||    16
       Headbutt          |       |       |       |    60 |    41 ||   101
Throw: Dart              |     1 |     7 |    69 |    75 |    17 ||   169
       Boomerang         |       |       |       |    12 |       ||    12
       Javelin           |       |       |       |     2 |       ||     2
 Cast: Magic Dart        |       |       |    30 |    20 |     1 ||    51
       Mephitic Cloud    |       |       |     3 |    28 |    12 ||    43
       Conjure Flame     |       |       |       |     3 |     2 ||     5
       Sticky Flame      |       |       |       |     9 |    20 ||    29
       Regeneration      |       |       |       |       |     1 ||     1
Invok: Depart the Abyss  |     1 |       |       |       |       ||     1
       Bend Space        |       |       |     5 |     9 |     5 ||    19
 Abil: Evoke Flight      |       |       |     1 |       |       ||     1
  Use: Scroll            |       |     1 |    20 |     9 |     6 ||    36
       Potion            |       |       |       |     2 |       ||     2
 Stab: Confused          |       |       |       |    17 |     4 ||    21
       Sleeping          |       |       |       |     6 |     2 ||     8
  Eat: Chunk             |       |     7 |    15 |    18 |     4 ||    44
       Ration            |       |       |       |     5 |     2 ||     7
Armor: Chain mail        |    87 |   115 |    35 |       |       ||   237
       Ring mail         |       |       |    82 |   236 |    52 ||   370
Dodge: Dodged            |    48 |    58 |   139 |   370 |   105 ||   720
       Rpst.: Falchion   |    15 |    11 |       |     1 |       ||    27
